 Dungeon Crawl Stone Soup version 0.29-a0-118-g06d03a830b (webtiles) character file.

Game seed: 10522104951531071215

63 DogServant the Insei (level 3, -5/28 HPs)
             Began as a Draconian Transmuter on Feb 18, 2022.
             Killed by divine providence
             ... invoked by an orc priest
              (10 damage)
             ... on level 2 of the Dungeon.
             The game lasted 00:07:28 (1928 turns).

DogServant the Insei (Draconian Transmuter)         Turns: 1928, Time: 00:07:29

Health: -5/28      AC:  2    Str: 12    XL:     3   Next: 89%
Magic:  3/6        EV: 19    Int: 13    God:
Gold:   86         SH:  0    Dex: 18    Spells: 0/6 levels left

rFire   . . .      SeeInvis .     - Unarmed
rCold   . . .      Faith    .   (shield currently unavailable)
rNeg    . . .      Spirit   .   (armour unavailable)
rPois   x          Reflect  .   (helmet currently unavailable)
rElec   .          Harm     .   (cloak currently unavailable)
rCorr   .          Rampage  .   (gloves currently unavailable)
Will    .....                   (boots currently unavailable)
Stlth   ++........              (no amulet)
HPRegen 0.09/turn               (no ring)
MPRegen 0.10/turn               (no ring)

@: spider-form (expiring)
A: venomous fangs, AC +5, tiny, unfitting armour, (cold-blooded)
a: End Transformation


You were on level 2 of the Dungeon.
You were a venomous arachnid creature.
You visited 1 branch of the dungeon, and saw 2 of its levels.

You collected 86 gold pieces.

Inventory:

Hand Weapons
 f - a +0 hand axe
Magical Staves
 a - a staff of poison
Scrolls
 b - a scroll of magic mapping
 c - 2 scrolls of teleportation
 d - a scroll of immolation
 j - a scroll of noise {unknown}
 l - a scroll of enchant weapon {unknown}
Potions
 e - 2 potions of attraction
 g - a potion of brilliance {unknown}
 h - a potion of mutation {unknown}
 k - a potion of degeneration {unknown}


   Skills:
 + Level 1.4 Fighting
 + Level 1.9 Dodging
 - Level 4.0 Unarmed Combat
 - Level 2.0 Spellcasting
 - Level 3.0 Transmutations
 + Level 0.5 Poison Magic


You couldn't memorise any spells.
You knew the following spells:

 Your Spells              Type           Power      Damage    Failure   Level
a - Beastly Appendage     Tmut           18%        N/A       21%         1
b - Wereblood             Tmut           9%         N/A       26%         2
c - Spider Form           Tmut/Pois      5%         N/A       58%         3

Your spell library contained the following spells:

 Spells                   Type           Power      Damage    Failure   Level
 Ice Form                 Ice/Tmut       5%         N/A       92%         4


Dungeon Overview and Level Annotations

Branches:
Dungeon (2/15)

Altars:

Shops:
D:2 (


Innate Abilities, Weirdness & Mutations

You are a venomous arachnid creature.
You have poisonous fangs.
You are tiny and dextrous.
Your spellcasting is less reliable in this form.
Your armour is entirely melded.
You are incapable of wielding weapons or throwing items.
((Your plain brown scales are hard. (AC +5)))
You cannot fit into any form of body armour.
((You are cold-blooded and may be slowed by cold attacks.))


Message History

Casting: Beastly Appendage (safe; 8% risk of failure)
Confirm with . or Enter, or press ? or * to list all spells.
Okay, then.
Okay, then.
Casting: Beastly Appendage (safe; 8% risk of failure)
Confirm with . or Enter, or press ? or * to list all spells.
The spell is extremely dangerous to miscast (36% risk of failure)!
Continue anyway?
You turn into a venomous arachnid creature.
The orc priest calls down the wrath of Beogh upon you.
Beogh smites you!
An orc comes into view. It is wielding a +0 dagger.
The orc priest mumbles some strange prayers to Beogh against you.
Pain shoots through your body!
Your transformation is almost over.
A goblin comes into view. It is wielding a +0 club.
An orc priest comes into view. It is wielding a +0 hand axe.
Found Geehykh's Weapon Shop.
You see here 11 arrows.
The goblin shouts!
You hit the orc priest but do no damage.
The orc priest completely misses you.
You hit the orc priest but do no damage.
The orc priest misses you.
You hit the orc priest but do no damage.
The orc priest is poisoned.
An orc comes into view. It is wielding a +0 club.
The orc priest misses you.
The orc shouts!
You hit the orc priest.
The orc priest looks as sick as possible!
The orc priest is lightly wounded.
You hit the orc priest but do no damage.
The orc priest looks as sick as possible!
The orc priest is moderately wounded.
The orc priest hits you with a +0 short sword!
* * * LOW HITPOINT WARNING * * *
The orc hits you but does no damage.
The orc priest calls down the wrath of Beogh upon you.
Beogh smites you!
You die...

#.####.# #..
###.######### #.#
#...........####.#
#.#.....###......#
#.#.##.## ##.##..#
#.#.#..# #.....#
#### #.#.#..##
##.##..# ....
##.#.#.#.###.###..#
#..#os.>..##<(..#
#..#
#o>o(.........#.#
#..#
...o###......###.#.#
#... ∩.
##(..........# #...
###.#.###)### #...
#.#.# #.# .#. #....
... ###.###..# .#
#...


You could see 2 orc priests and 2 orcs.

Vanquished Creatures
  An adder (D:2)
  2 worms (D:2)
  A dart slug (D:2)
  7 bats
  6 endoplasms
  2 giant cockroaches
  2 goblins
  5 hobgoblins
  4 jackals (D:2)
  2 kobolds (D:1)
  2 quokkas
  3 ball pythons (D:1)
  2 frilled lizards (D:1)
  3 rats (D:1)
42 creatures vanquished.

Notes
Turn   | Place    | Note
-------+----------+-------------------------------------------
     0 | D:1      | DogServant the Draconian Transmuter began the quest for the
                  | Orb.
     0 | D:1      | Reached XP level 1. HP: 16/16 MP: 3/3
   296 | D:1      | Reached XP level 2. HP: 18/23 MP: 5/5
   398 | D:1      | Learned a level 2 spell: Wereblood
  1001 | D:2      | Reached XP level 3. HP: 28/28 MP: 2/6
  1241 | D:2      | Learned a level 3 spell: Spider Form
  1857 | D:2      | Reached skill level 4 in Unarmed Combat
  1922 | D:2      | Found Geehykh's Weapon Shop.
  1928 | D:2      | Killed from afar by an orc priest

Illustrated notes

Levels and vault maps discovered:
D:1:      psy_arrival_dodecagon, layout_loops_ring
D:2:      layout_loops_ring, serial_shops, nicolae_shop_bloodbath_and_beyond

Skill      XL: |  1  2  3 |
---------------+----------+-----
Transmutations | 3 |  3.0
Unarmed Combat | 4 |  4.0
Fighting       | |  1.4
Dodging        | |  1.9
Spellcasting   | |  2.0
Poison Magic   | |  0.5

Action                   || total
-------------------------++-------
Melee: Unarmed           ||   138
       Tailslap          ||    10
       Headbutt          ||    13
       Kick              ||    12
       Punch             ||     2
 Cast: Beastly Appendage ||    22
       Wereblood         ||     3
       Spider Form       ||     1
  Use: Scroll            ||     5
 Stab: Sleeping          ||     4
Armor: Skin              ||    47
Dodge: Dodged            ||   108

Table legend: (Time is in decaauts)
 A = Elapsed time spent in this place.
 B = Non-inter-level travel time spent in this place.
 C = Inter-level travel time spent in this place.
 D = Time resting spent in this place.
 E = Time spent auto-exploring this place.
 F = Levels seen in this place.
 G = Mean time per level.
                   A        B        C        D        E       F      G
               +--------+--------+--------+--------+--------+-----+--------+
         Total |   1918 |   1900 |     18 |    113 |   1394 |   2 |  959.0 |
       Dungeon |   1918 |   1900 |     18 |    113 |   1394 |   2 |  959.0 |
               +--------+--------+--------+--------+--------+-----+--------+

Top non-repeatable levels by time:
     D:2: 971 daAuts
     D:1: 946 daAuts
